Unix NetHack Version 5.0.0-0 post-release - last build Jun 10 2026 00:39:30 (3ee93aec679c4c4259841fe613dc97188e26a321,branch:main).

Game began 2026-06-13 14:42:08, ended 2026-06-13 15:03:50.

IanCurtis, chaotic male elven Wizard

                                     ----                           -------
                                     |..-----------------------------..|..|
                                    --....................................|
                                    |...------------------------------..|.|
                                    |...|--..|  |...--   ----        ---|.|
                                    |(|.--...----....--   ..--          |.|
                                   --.|...............|  -...           |.|
                                   |..|.."............-- |..            |.---
                                  --.----.....-........---.-            |..)|
                                  |..|  -----..-...........---          ---.--
                                  |.--      --..-....%.......-----    ----|..--
                           -     --.|        --....--..[..)....|.--  -...-|...|
                           |..----..|         --..-----...%.%.....| -.....|-.--
                           |.Bs@...--          -..-   |..|%%....)-- ......| --
                           --.a....|           ....   -..|.......---......|
                            ---.-.--          ...... ..--)................|
                              |...-          .........- ---...)..........--
                              ---..         |.........|   |..............|
                                |..         ---..--..--   |.......<......|
                                ----          |..|----    --.|.--.|.|.----
                                              ----         ------------
IanCurtis the Thaumaturge  St:10 Dx:12 Co:16 In:18 Wi:10 Ch:10  Chaotic
Dlvl:8  $:153 HP:0(55) Pw:43(71) AC:8  Xp:7 T:3461  Hungry   Burdened

Latest messages:
 You stop searching.
 The killer bee stings!
 The killer bee stings!
 You miss the killer bee.
 The killer bee stings!
 You miss the killer bee.
 The killer bee stings!
 The killer bee stings!
 You miss the killer bee.
 The killer bee stings!
 The killer bee stings!
 The killer bee stings!
 The killer bee stings!
 You miss the killer bee.
 The killer bee stings!
 The killer bee stings!
 You miss the killer bee.
 The killer bee stings!
 You are beginning to feel hungry.
 You miss the killer bee.
 The killer bee stings!
 The killer bee stings!
 The killer bee stings!
 You kill the killer bee!
 Wizard needs food, badly!
 You stop searching.
 You feel strong!
 You must have been exercising diligently.
 What do you want to eat? [u or ?*] ?
 Yak - dog food!
 You finish eating the tripe ration.
 You are in full health.
 You are beginning to feel hungry.
 You see here a leash.
 The giant spider bites!
 The giant spider's bite was poisoned!
 You hit the giant spider!
 The giant spider bites!
 You miss the giant spider.
 The giant spider bites!
 The killer bee stings!
 The giant spider bites!
 You miss the giant spider.
 The killer bee stings!
 The giant spider bites!
 The giant spider's bite was poisoned!
 You miss the giant spider.
 The killer bee stings!
 You die...
 Do you want your possessions identified? [ynq] (y) q

Inventory:
 Coins    ('$')
  $ - 153 gold pieces
 Weapons  (')')
  a - a blessed +2 quarterstaff (weapon in hands)
 Armor    ('[')
  A - an uncursed +0 orcish helm (being worn)
  B - an uncursed +0 pair of levitation boots
  W - a blessed +0 cloak of magic resistance (being worn)
  Q - an uncursed +0 T-shirt with text "Yendor Military Soldiers Do It In Large Groups"
 Potions  ('!')
  y - 2 uncursed potions of booze
  h - 2 blessed potions of healing
  x - an uncursed potion of sleeping
 Rings    ('=')
  Z - an uncursed +1 ring of gain constitution
  v - a cursed -1 ring of gain strength named cursed
  e - an uncursed ring of regeneration
 Wands    ('/')
  c - a wand of locking (0:8)
  J - a wand of striking (0:5)
 Tools    ('(')
  b - an uncursed sack containing 16 items
  t - an empty uncursed sack
  n - an uncursed wooden flute
  I - a cursed magic lamp
  m - a magic marker (0:21)
  w - a cursed oil lamp
  d - a +0 pick-axe
  i - an uncursed tallow candle
  j - a cursed tallow candle
  S - a cursed towel
  X - an uncursed wax candle

Contents of the sack:
  an uncursed scroll of scare monster
  an uncursed scroll of confuse monster
  an uncursed scroll of punishment
  an uncursed scroll of remove curse
  2 uncursed scrolls of magic mapping
  2 uncursed scrolls of gold detection
  2 uncursed scrolls of identify
  an uncursed scroll of teleportation
  an uncursed spellbook of confuse monster
  a blessed spellbook of force bolt
  an uncursed spellbook of light
  an uncursed potion of speed
  an uncursed potion of water
  an uncursed potion of oil
  2 uncursed potions of healing
  an uncursed potion of object detection

IanCurtis the Wizard's attributes:

Background:
 You were a Thaumaturge, a level 7 male elven Wizard.
 You were chaotic, on a mission for Anhur
 who was opposed by Ptah (lawful) and Thoth (neutral).
 You were right-handed.
 You were in the Gnomish Mines, on level 8.
 You entered the dungeon 3461 turns ago.
 You had 889 experience points, 391 more were needed to attain level 8.

Basics:
 You had 0 out of 55 hit points.
 You had 43 out of 71 energy points (spell power).
 Your armor class was 8.
 Your wallet contained 153 zorkmids.
 Autopickup was off.

Final Characteristics:
 Your strength was 10 (limit:18).
 Your dexterity was 12 (limit:18).
 Your constitution was 16 (limit:16).
 Your intelligence was 18 (limit:20).
 Your wisdom was 10 (limit:20).
 Your charisma was 10 (limit:18).

Final Status:
 You were hungry.
 You were burdened; movement was slightly slowed.
 You were wielding a quarterstaff.
 You were skilled in quarterstaff.

Final Attributes:
 You were piously aligned.
 You were magic-protected.
 You were sleep resistant.
 You had infravision.
 You were warded.
 You are dead.

Miscellaneous:
 You didn't encounter any bones levels.
 Total elapsed playing time was 21 minutes and 42 seconds.

Major events:
 Turn
    1: IanCurtis the chaotic male elven Wizard entered the dungeon
  665: attained the rank of Conjurer (level 3)
 1342: entered the Gnomish Mines
 1924: attained the rank of Thaumaturge (level 6)
 2008: reached Mine Town
 3461: killed by a killer bee

Spells:
 Name                 Level Category     Fail Retention
 force bolt             1   attack         0%   81%-90%
 confuse monster        1   enchantment    0%   81%-90%
 light                  1   divination     0%  76%-100%

Skills:
 Fighting Skills
   bare handed combat [Unskilled]
   riding             [Unskilled]
 Weapon Skills
   dagger             [Unskilled]
   knife              [Unskilled]
   axe                [Unskilled]
   short sword        [Unskilled]
   club               [Unskilled]
   mace               [Unskilled]
   quarterstaff       [Skilled]
   polearms           [Unskilled]
   spear              [Unskilled]
   trident            [Unskilled]
   sling              [Unskilled]
   dart               [Unskilled]
   shuriken           [Unskilled]
 Spellcasting Skills
   attack spells      [Basic]
   healing spells     [Unskilled]
   divination spells  [Unskilled]
   enchantment spells [Basic]
   clerical spells    [Unskilled]
   escape spells      [Unskilled]
   matter spells      [Unskilled]

Voluntary challenges:
 Character rerolling was not enabled.
 You never genocided any monsters.
 You never polymorphed an object.
 You never changed form.
 You used no wishes.
Achievements:
 You attained the rank of Conjurer.
 You entered the Gnomish Mines.
 You attained the rank of Thaumaturge.
 You entered Minetown.
 You entered a temple.
 You entered a shop.

 The Dungeons of Doom: levels 1 to 4
    Level 1:
       A fountain.
    Level 2:
       A fountain.
    Level 3:
       Stairs down to The Gnomish Mines.
    Level 4:
 The Gnomish Mines: levels 4 to 8
    Level 4:
    Level 5:
    Level 7:
       Many shops, a temple and an altar, some fountains.
    Level 8: <- You were here.
       Final resting place for
          you, killed by a killer bee.


Vanquished creatures:
  a giant spider
  a gnome ruler
 an orc mummy
  a dwarf mummy
  a raven
  3 Mordor orcs
  a rock mole
  6 gnome leaders
  2 gnomish wizards
  a giant ant
  a floating eye
  a kitten
  8 dwarves
  a wererat
  3 iguanas
  5 killer bees
  2 hobbits
  a large kobold
  a hobgoblin
  5 giant rats
  2 cave spiders
 26 gnomes
  a gecko
  3 jackals
  2 foxes
  2 kobolds
  2 goblins
  a sewer rat
  3 grid bugs
  a bat
  6 lichens
  3 newts
98 creatures vanquished.

No species were genocided or became extinct.

Game over:
                       ----------
                      /          \
                     /    REST    \
                    /      IN      \
                   /     PEACE      \
                  /                  \
                  |    IanCurtis     |
                  |      153 Au      |
                  |   killed by a    |
                  |    killer bee    |
                  |                  |
                  |                  |
                  |       2026       |
                 *|     *  *  *      | *
        _________)/\\_//(\/(/\)/\//\/|_)_______

Goodbye IanCurtis the Wizard...

You died in The Gnomish Mines on dungeon level 8 with 4054 points,
and 153 pieces of gold, after 3461 moves.
You were level 7 with a maximum of 55 hit points when you died.

